 Dungeon Crawl Stone Soup version bcrawl-1.37.1 (webtiles) character file.

Game seed: 3672796168799986338

124817 Hadkhar the Caller (level 5, 0/35 HPs)
             Began as a Human Summoner on Oct 9, 2022.
             Succumbed to a worker ant's poison
             ... on level 4 of the Dungeon.
             The game lasted 00:34:37 (3068 turns).

Hadkhar the Caller (Human Summoner)                 Turns: 3068, Time: 00:34:38

Health: 0/35       AC:  2    Str: 16    XL:     5   Next: 69%
Magic:  3/9        EV: 12    Int: 23    God:
Gold:   239        SH:  0    Dex: 13    Spells: 6/10 levels left

rFire    . . .     GDR:     25% i - +0 trident
rCold    . . .     SeeInvis .   (no shield)
rNeg     . . .     Gourm    .   a - +0 robe
rPois    .         Faith    .   (no helmet)
rElec    .         Spirit   .   (no cloak)
rCorr    .         Reflect  .   (no gloves)
MR       .....                  (no boots)
Stlth    ++........             (no amulet)
HPRegen  0.15/turn              l - +6 ring of intelligence
MPRegen  0.11/turn              m - +8 ring of strength

@: lethally poisoned (0 -> -8)
A: no striking features
a: no special abilities


You were on level 4 of the Dungeon.
You were hungry.

You visited 1 branch of the dungeon, and saw 4 of its levels.

You collected 239 gold pieces.

Inventory:

Hand Weapons
 i - a +0 trident (weapon)
 s - a +0 dagger of pain
Missiles
 y - 36 poisoned tomahawks (quivered)
Armour
 a - a +0 robe (worn)
 n - a +0 robe of cold resistance
 p - +0 pearl dragon scales
Jewellery
 l - a +6 ring of intelligence (left hand)
 m - a +8 ring of strength (right hand)
 v - a +3 ring of evasion {unknown}
 w - an uncursed ring of stealth {unknown}
Scrolls
 b - 2 scrolls of fear {unknown}
 c - a scroll of summoning
 g - 2 scrolls of remove curse {unknown}
 j - 3 scrolls of amnesia {unknown}
Potions
 d - a potion of magic {unknown}
 f - 3 potions of agility {unknown}
 h - a potion of berserk rage {unknown}
 k - 4 potions of heal wounds {unknown}
 o - a potion of lignification {unknown}
 q - 3 potions of might {unknown}
 r - 2 potions of curing {unknown}
 t - a potion of flight {unknown}
 u - a potion of degeneration {unknown}
Comestibles
 e - 5 rations {!d}


   Skills:
 - Level 0.1 Fighting
 - Level 0.6 Short Blades
 + Level 2.5 Dodging
 + Level 3.8 Stealth
 + Level 3.1 Spellcasting
 + Level 5.5 Summonings


You had 6 spell levels left.
You knew the following spells:

 Your Spells              Type           Power        Failure   Level  Hunger
a - Summon Small Mammal   Summ           ####         1%          1    None
b - Call Canine Familiar  Summ           ####....     3%          3    ####...

Your spell library contained the following spells:

 Spells                   Type           Power        Failure   Level  Hunger
 Call Imp                 Summ           ####..       1%          2    #......
 Beastly Appendage        Tmut           #.....       12%         1    None
 Passwall                 Tmut/Erth      #.......     17%         2    #......
 Sticks to Snakes         Tmut           #.......     17%         2    #......
 Spider Form              Tmut/Pois      #..          34%         3    ####...
 Summon Ice Beast         Ice/Summ       ###.....     36%         4    #####..
 Summon Lightning Spire   Summ/Air       ###.....     71%         5    ######.
 Ice Form                 Ice/Tmut       #.......     75%         4    #####..
 Blade Hands              Tmut           #.........   97%         5    ######.


Dungeon Overview and Level Annotations

Branches:
Dungeon (4/12)
 Temple: D:4-7

Altars:
Ashenzari
Gozag
Okawaru
Qazlal
Wu Jian


Message History

The worker ant poisons you!
You hit the worker ant.
The worker ant is almost dead.
* * * LOW HITPOINT WARNING * * *
You feel sick.
Your hound bites the worker ant.
The worker ant dies!
The crimson imp closely misses your hound.
The worker ant barely misses you.
Your quokka bites the crimson imp.
Your hound bites the worker ant.
The crimson imp hits your hound.
The crimson imp blinks!
You barely miss the worker ant.
The worker ant is heavily wounded.
* * * LOW HITPOINT WARNING * * *
You feel sick.
Your hound bites the worker ant.
The worker ant closely misses you.
Your hound barely misses the worker ant.
The worker ant barely misses you.
You hit the worker ant.
The worker ant is severely wounded.
You die...

#.#....# #...##.#
######.# #.# #.# #.#
#.# ## #.##########
.. #.##@......#
####.####.##a†####.#
#..........rh###
...##.###.......# #
#.....#...#
##.#..#.#....
#.##.......#
...!.####### #>....#


You could see a worker ant, a friendly hound and a friendly quokka.

Vanquished Creatures
  An orc wizard (D:3)
  An adder (D:2)
  A gnoll (D:3)
  2 leopard geckos
  An orc (D:3)
  A ball python (D:3)
  3 bats
  A giant cockroach (D:1)
  A goblin (D:1)
  2 hobgoblins
  A jackal (D:3)
  2 frilled lizards (D:2)
  3 kobolds
  A rat (D:2)
21 creatures vanquished.

Vanquished Creatures (collateral kills)
  A worker ant (D:4)
  2 gnolls (D:3)
  2 adders (D:3)
  2 worms
  A dart slug (D:2)
  A leopard gecko (D:1)
  An orc (D:3)
  A giant cockroach (D:2)
  2 goblins (D:2)
  3 hobgoblins (D:3)
  3 jackals (D:3)
  A quokka (D:3)
  2 bats (D:3)
  A kobold (D:2)
  A rat (D:3)
  A plant (D:3)
25 creatures vanquished.

Grand Total: 46 creatures vanquished

Notes
Turn   | Place    | Note
-------+----------+-------------------------------------------
     0 | D:1      | Hadkhar the Human Summoner began the quest for the Orb.
     0 | D:1      | Reached XP level 1. HP: 13/13 MP: 3/3
   313 | D:1      | Reached XP level 2. HP: 16/19 MP: 5/5
   913 | D:2      | Reached XP level 3. HP: 23/24 MP: 6/6
   965 | D:2      | Learned a level 3 spell: Call Canine Familiar
  1066 | D:2      | Found a shattered altar of Ashenzari.
  1156 | D:2      | Reached skill level 5 in Summonings
  1601 | D:2      | Found an opulent altar of Gozag.
  1804 | D:2      | Found an ornate altar of the Wu Jian Council.
  1898 | D:3      | Found an iron altar of Okawaru.
  1920 | D:3      | Reached XP level 4. HP: 19/30 MP: 5/7
  2213 | D:3      | Reached XP level 5. HP: 14/35 MP: 5/9
  2585 | D:3      | Found a stormy altar of Qazlal.
  3067 | D:4      | HP: 1/35 [poisoned by a worker ant]
  3068 | D:4      | Succumbed to a worker ant's poison

Skill      XL: |  1  2  3  4  5 |
---------------+----------------+-----
Summonings     | 5 |  5.5
Stealth        | 3 |  3.8
Spellcasting   | 3 |  3.1
Fighting       | |  0.1
Short Blades   | |  0.6
Dodging        | |  2.5

Action                   |  1- 3 |  4- 6 || total
-------------------------+-------+-------++-------
Melee: Dagger            |    60 |    55 ||   115
       Whip              |     3 |       ||     3
       Unarmed           |     1 |       ||     1
       Trident           |       |    12 ||    12
 Cast: Summon Small Mamm |     5 |     6 ||    11
       Call Canine Famil |     3 |     6 ||     9
  Use: Scroll            |     1 |     1 ||     2
 Stab: Sleeping          |     1 |     1 ||     2
  Eat: Chunk             |     5 |     3 ||     8
       Ration            |       |     1 ||     1
Armor: Robe              |    10 |     7 ||    17
Dodge: Dodged            |    45 |    40 ||    85
